 Dungeon Crawl Stone Soup version 0.30-a0-331-g8ab09dc110 (webtiles) character file.

Game seed: 13454736599019232384

203608 ptdevnull the Pandemonic (level 17, -32/145 HPs)
             Began as a Demonspawn Gladiator on Oct 29, 2022.
             Was a High Priest of Makhleb.
             Killed from afar by Nikola (60 damage)
             ... with an arc of chain lightning
             ... on level 2 of the Vaults on Oct 30, 2022.
             The game lasted 01:45:23 (34655 turns).

ptdevnull the Pandemonic (Demonspawn Gladiator)    Turns: 34655, Time: 01:45:26

Health: -32/145    AC: 25    Str: 24    XL:     17   Next: 98%
Magic:  0/29       EV: 23    Int: 19    God:    Makhleb [*****.]
Gold:   3511       SH: 19    Dex: 28    Spells: 16/16 levels left

rFire   + . .      SeeInvis .    a - +4 scimitar (flame)
rCold   + . .      Faith    .    P - +5 kite shield {reflect}
rNeg    + . .      Spirit   +    r - +1 robe of Vines {NoPotionHeal Regen++++}
rPois   +          Reflect  +    T - +1 helmet "Simnascha" {*Slow +Inv rN+ Regen+}
rElec   .          Harm     .    E - +1 cloak of Unreason {Rampage rPois rF+ Str+4}
rCorr   .          Rampage  +    (gloves unavailable)
Will    +++..                    K - +4 pair of boots of Happy Babbling {rC+ Will+ Str+4 Dex+3}
Stlth   +++++.....               V - amulet "Nauney" {Spirit Int+7}
HPRegen 4.44/turn                p - +6 ring of dexterity
MPRegen 0.21/turn                t - ring of willpower

@: mighty, sanguine armoured, slowed, very slow
A: powered by pain 1, sanguine armour 3, demonic magic 2, demonic touch 3
}: 1/15 runes: barnacled
a: Renounce Religion, Evoke Invisibility, Minor Destruction, Lesser Servant of
Makhleb, Major Destruction, Greater Servant of Makhleb


You were on level 2 of the Vaults.
You worshipped Makhleb.
Makhleb was extremely pleased with you.
You visited 6 branches of the dungeon, and saw 29 of its levels.
You also visited: Bailey and Ice Cave.

You collected 3924 gold pieces.
You spent 413 gold pieces at shops.

Inventory:

Hand Weapons
 a - a +4 scimitar of flaming (weapon)
 b - the +5 short sword "Feraics" {flame, Int+2}
   (You bought it in a shop on level 5 of the Dungeon)

   It burns those it strikes, dealing additional fire damage.
   Int:       It affects your intelligence (+2).
Missiles
 d - 9 throwing nets
 e - 13 javelins
 q - 5 boomerangs of dispersal
 I - 8 silver javelins
 N - 48 boomerangs (quivered)
Armour
 c - the +2 helmet "Ilaqadur" {-Cast Str+4 Stlth+}
   (You found it on level 4 of the Lair of Beasts)

   Str:       It affects your strength (+4).
   -Cast:     It prevents spellcasting.
   Stlth:     It makes you more stealthy.
 r - the +1 robe of Vines (worn) {NoPotionHeal Regen++++}
   (You found it on level 1 of the Lair of Beasts)

   Its wearer cannot be healed by potions.
   Regen:     It increases your rate of health regeneration.
 E - the +1 cloak of Unreason (worn) {Rampage rPois rF+ Str+4}
   (You acquired it on level 2 of the Orcish Mines)

   Str:       It affects your strength (+4).
   rF:        It protects you from fire.
   rPois:     It protects you from poison.
   Rampage:   It bestows one free step when moving towards enemies.
 F - a +2 cloak of cold resistance
 K - the +4 pair of boots of Happy Babbling (worn) {rC+ Will+ Str+4 Dex+3}
   (You found it on level 1 of the Lair of Beasts)

   Str:       It affects your strength (+4).
   Dex:       It affects your dexterity (+3).
   rC:        It protects you from cold.
   Will:      It increases your willpower.
 P - a +5 kite shield of reflection (worn)
 R - the +4 scale mail "Goid" {Fly Int-3 Dex+3}
   (You found it on level 10 of the Dungeon)

   Int:       It affects your intelligence (-3).
   Dex:       It affects your dexterity (+3).
   Fly:       It grants you flight.
 T - the +1 helmet "Simnascha" (worn) {*Slow +Inv rN+ Regen+}
   (You found it on level 4 of the Shoals)

   rN:        It protects you from negative energy.
   +Inv:      It lets you turn invisible.
   Regen:     It increases your rate of health regeneration.
   *Slow:     It may slow you when you take damage.
Jewellery
 p - a +6 ring of dexterity (left hand)
 s - an amulet of magic regeneration
 t - a ring of willpower (right hand)
 z - a ring of protection from fire
 V - the amulet "Nauney" (around neck) {Spirit Int+7}
   (You found it on level 11 of the Dungeon)

   [amulet of guardian spirit]

   It causes incoming damage to be divided between your reserves of health and
   magic.
   Int:       It affects your intelligence (+7).
Wands
 h - a wand of polymorph (9)
 j - a wand of mindburst (15)
 u - a wand of paralysis (38)
 x - a wand of acid (1)
 B - a wand of flame (45)
 X - a wand of digging (10)
 Y - a wand of iceblast (1)
Scrolls
 g - 6 scrolls of teleportation
 n - 3 scrolls of enchant weapon
 o - 6 scrolls of fear
 w - 2 scrolls of amnesia
 y - a scroll of brand weapon
 D - 4 scrolls of silence
 G - a scroll of enchant armour
 J - a scroll of magic mapping
 O - a scroll of identify
Potions
 f - 10 potions of curing
 i - 4 potions of might
 k - 2 potions of berserk rage
 l - 2 potions of magic
 m - 5 potions of brilliance
 v - 2 potions of haste
 A - a potion of cancellation
 C - 11 potions of flight
 M - 2 potions of lignification
 Q - a potion of mutation
 S - 2 potions of resistance
Miscellaneous
 H - a phial of floods


   Skills:
 - Level 16.5 Fighting
 - Level 14.2(15.0) Short Blades
 - Level 7.9(12.0) Long Blades
 - Level 1.7 Throwing
 - Level 6.8 Armour
 - Level 12.0 Dodging
 - Level 8.0 Stealth
 * Level 9.4 Shields
 - Level 17.6 Invocations
 - Level 10.0 Evocations


You had 16 spell levels left.
You didn't know any spells.
Your spell library contained the following spells:

 Spells                   Type           Power      Damage    Failure   Level
 Magic Dart               Conj           0%         1d3       43%         1
 Necrotise                Necr           0%         1d4       43%         1
 Sandblast                Erth           0%         2d4       43%         1
 Ensorcelled Hibernation  Hex/Ice        0%         N/A       56%         2
 Momentum Strike          Conj/Tloc      0%         3d8       56%         2
 Passwall                 Tmut/Erth      0%         N/A       56%         2
 Searing Ray              Conj           0%         2d4       56%         2
 Gell's Gravitas          Tloc           0%         N/A       80%         3
 Portal Projectile        Hex/Tloc       0%         N/A       80%         3
 Spider Form              Tmut/Pois      0%         N/A       80%         3
 Stone Arrow              Conj/Erth      0%         3d7       80%         3
 Summon Guardian Golem    Hex/Summ       0%         N/A       80%         3
 Teleport Other           Tloc           0%         N/A       80%         3
 Vampiric Draining        Necr           0%         2d6       80%         3
 Anguish                  Hex/Necr       0%         N/A       99%         4
 Fulminant Prism          Conj/Hex       0%         3d5       99%         4
 Agony                    Necr           0%         N/A       100%        5
 Alistair's Intoxication  Tmut/Pois      0%         N/A       100%        5
 Iskenderun's Battlesphe  Conj           0%         2d6       100%        5
 Yara's Violent Unravell  Hex/Tmut       0%         3d3       100%        5
 Dispersal                Tloc           0%         N/A       100%        6
 Iron Shot                Conj/Erth      0%         9d1       100%        6
 Enfeeble                 Hex            0%         N/A       100%        7
 Malign Gateway           Summ/Tloc      0%         N/A       100%        7
 Orb of Destruction       Conj           0%         9d5       100%        7
 Spellforged Servitor     Conj/Summ      0%         N/A       100%        7
 Summon Horrible Things   Summ           0%         N/A       100%        8
 Chain Lightning          Conj/Air       0%         N/A       100%        9
 Fire Storm               Conj/Fire      0%         5d1       100%        9
 Shatter                  Erth           0%         3d5*      100%        9


Dungeon Overview and Level Annotations

Branches:
Dungeon (15/15)            Temple (1/1) D:6            Lair (5/5) D:8
 Shoals (4/4) Lair:3        Snake (0/4) Lair:2        Slime (0/5) Lair:5
    Orc (2/2) D:12            Elf (0/3) Orc:2        Vaults (2/5) D:13
 Depths (0/4) D:15         Bailey (visited)           IceCv (visited)
  Crypt: Vaults:2-3

Altars:
Ashenzari
Cheibriados
Dithmenos
Fedhas
Gozag
Hepliaklqana
Kikubaaqudgha
Makhleb
Nemelex Xobeh
Okawaru
Qazlal
Ru
Sif Muna
Trog
Uskayaw
Vehumet
Wu Jian
Xom
Yredelemnul

Shops:
D:5 (   D:6 ?   Orc:1 *   Orc:2 :[*

Annotations:
Vaults:2 Nikola


Innate Abilities, Weirdness & Mutations

You sometimes gain a little power by taking damage.
When seriously injured, your blood forms very thick armour. (AC +12)
Spells you cast may paralyse nearby enemies.
Your touch may irresistibly damage your foes and sap their willpower.


Message History

The great orb of eyes completely misses you.
The ironbound preserver hits you with a +2 vorpal morningstar.
Your cacodemon hits the ironbound preserver.
Your cacodemon barely misses the ironbound preserver.
The blizzard demon barely misses you. You block the blizzard demon's attack.
Unknown command.
Aiming: Mindburst
Press: ? - help, Shift-Dir - straight line, f - ironbound preserver
Aim: an ironbound preserver, wielding a +2 vorpal morningstar and wearing a +0 ring mail (moderately wounded, strong, ally target, chance to affect: 80%)
The ironbound preserver's mind is blasted!!
The great orb of eyes bites you but does no damage.
You block Nikola's attack.
Your cacodemon gestures at the ironbound preserver.
The blizzard demon resists with almost no effort.
Your cacodemon gestures at Nikola.
Nikola resists with almost no effort.
You block the blizzard demon's attack.
The blizzard demon hits you but does no damage.
Nikola hits you but does no damage.
You are electrocuted!!
You focus on the pain.
You feel very mighty all of a sudden. The great orb of eyes gazes at you.
You resist with almost no effort.
The ironbound preserver hits you with a +2 vorpal morningstar!!
* * * LOW HITPOINT WARNING * * *
x2 The vault warden hits you but does no damage.
Your cacodemon gestures at the ironbound preserver.
The blizzard demon resists with almost no effort.
As you read the scroll of fear, it crumbles to dust.
You assume a fearsome visage.
The vault guard resists with almost no effort.
The vault warden looks frightened!
The ironbound preserver looks frightened!
Nikola resists with almost no effort.
The blizzard demon easily resists.
The great orb of eyes looks frightened!
You block the blizzard demon's attack. The blizzard demon hits you!
* * * LOW HITPOINT WARNING * * *
Your cacodemon hits Nikola!! x2
Nikola casts a spell.
Lightning arcs from Nikola's hands!
The bolt of lightning hits you!!!
You die...

#....# #....# #....#
#....# # #########
#..).# ##.#.#.#.#.#
#....# #...........
#...p# #.....<.....
#..2.# #...........
#)2p@# ##.#.#.#.#.#
#...@############'###
#.G.p2...............
#....................
#....................
#....................
#....................
#....................
#..##################


You could see Nikola (ally target), an ironbound preserver (strong, fleeing,
ally target), a vault warden (fleeing), a vault guard, a great orb of eyes
(fleeing), a blizzard demon (summoned) and 2 friendly cacodemons.

Vanquished Creatures
  Saint Roka (Orc:1)
  Frances (D:14)
  A storm dragon (Shoals:4)
  5 ironbound preservers
  2 orc warlords
  A stone giant (D:15)
  2 ironbound thunderhulks (Vaults:1)
  4 dire elephants (Vaults:1)
  Azrael (Orc:2)
  3 merfolk javelineers (Shoals:4)
  Josephine (D:14)
  10 merfolk impalers
  An entropy weaver (Vaults:1)
  3 yaktaur captains (Vaults:1)
  2 great orbs of eyes
  Erolcha (D:9)
  5 hydras
  2 merfolk avatars (Shoals:4)
  9 merfolk aquamancers
  A two-headed ogre (D:12)
  2 ironbound frosthearts
  4 centaur warriors
  2 satyrs (Shoals:4)
  2 boulder beetles
  2 death knights
  3 tengu warriors
  Urug (Lair:3)
  3 orc high priests
  2 goliath frogs (Lair:5)
  11 sea snakes
  7 deep trolls (Vaults:1)
  An obsidian statue (D:12)
  5 lindwurms
  A necromancer (IceCv)
  7 ironbound convokers
  4 wizards
  3 deep elf zephyrmancers (Orc:2)
  7 harpies
  4 orc sorcerers
  5 orc knights
  5 fauns
  6 cyclopes
  A salamander (shapeshifter) (D:12)
  9 deep elf pyromancers
  An oklob plant (Lair:1)
  21 ugly things
  13 manticores
  A moth of wrath (Lair:1)
  14 elephants
  6 black mambas
  6 merfolk sirens
  Joseph (D:9)
  9 water nymphs
  2 ice statues
  A torpor snail (Lair:5)
  A gargoyle (D:11)
  A cane toad (shapeshifter) (D:14)
  8 vault sentinels
  15 cane toads
  Maggie (D:9)
  6 rime drakes (Lair:3)
  2 kobold demonologists
  3 freezing wraiths (IceCv)
  9 komodo dragons
  19 yaktaurs
  3 anaconda simulacra (IceCv)
  16 ice devils
  An unseen horror (D:12)
  2 tengu conjurers
  3 trolls
  2 tyrant leeches
  3 meliai (D:15)
  31 merfolk
  2 hornets
  14 wind drakes
  A tarantella (Vaults:1)
  2 polar bears (Lair:5)
  Prince Ribbit (D:9)
  23 blink frogs
  6 snapping turtles
  20 slime creatures
  Sigmund (D:2)
  14 water elementals
  2 air elementals (Shoals:4)
  40 yaks
  4 wraiths
  2 shadows
  A vampire (D:10)
  3 wyverns
  3 fire elementals (Orc:2)
  16 vampire mosquitoes
  15 steam dragons
  6 basilisks
  A hog (D:13)
  4 death yak simulacra (IceCv)
  A redback (Vaults:1)
  Edmund (D:5)
  2 harpy simulacra (IceCv)
  3 acid dragons
  6 wargs (Orc:1)
  3 hell hounds (Orc:2)
  A hydra simulacrum (IceCv)
  17 water moccasins
  An ice beast (D:4)
  36 orc warriors
  2 sky beasts (D:7)
  4 ogres
  2 black bears
  6 boggarts
  5 centaurs
  3 wolves (Lair:2)
  2 phantoms
  8 kobold brigands
  14 bullfrogs
  A two-headed ogre simulacrum (IceCv)
  3 necrophages
  A cane toad simulacrum (IceCv)
  2 scorpions
  3 wights (D:8)
  4 elephant simulacra (IceCv)
  A killer bee (D:9)
  4 howler monkeys (D:10)
  9 electric eels
  A jelly (D:5)
  27 orc priests
  3 hounds
  A gnoll bouda (D:5)
  4 iguanas
  50 orc wizards
  2 troll simulacra (IceCv)
  4 wolf simulacra (IceCv)
  6 polar bear simulacra (IceCv)
  8 adders
  8 gnolls
  A naga simulacrum (IceCv)
  4 white imps
  An ufetubus (D:7)
  4 dart slugs
  71 orcs
  4 ball pythons
  6 bats
  10 endoplasms
  2 giant cockroaches
  12 goblins
  4 hobgoblins
  18 kobolds
  2 quokkas (D:3)
  4 frilled lizards
  7 rats
944 creatures vanquished.

Vanquished Creatures (collateral kills)
  A merfolk javelineer (Shoals:4)
  2 merfolk impalers (Shoals:4)
  The ghost of lunkers the Transmogrifier, a journeyman MeEE of Jiyva (Lair:1)
  A hydra (Lair:5)
  A catoblepas (Lair:1)
  2 merfolk aquamancers (Shoals:4)
  The ghost of Cancer the Geomancer, a journeyman GrEE of Vehumet (Lair:2)
  A merfolk avatar (Shoals:4)
  A jorogumo (shapeshifter) (D:14)
  A wizard (D:14)
  A deep elf zephyrmancer (Orc:2)
  3 harpies (Shoals:4)
  An orc sorcerer (Orc:1)
  4 manticores (Shoals:4)
  2 fauns (Shoals:4)
  A moth of wrath (Lair:1)
  A merfolk siren (Shoals:4)
  2 elephants (Lair:5)
  3 water nymphs (Shoals:4)
  2 cane toads (Lair:5)
  A komodo dragon (Lair:1)
  4 merfolk (Shoals:4)
  A wind drake (Shoals:4)
  A snapping turtle (Shoals:4)
  5 blink frogs (Lair:5)
  2 air elementals (Shoals:4)
  3 water elementals (Shoals:4)
  A warg (Orc:2)
  5 orc warriors
  3 bullfrogs (Lair:5)
  A wolf simulacrum (IceCv)
  6 orcs
65 creatures vanquished.

Vanquished Creatures (others)
  An orc warrior (Orc:2)
  A quokka (D:14)
  22 fungi
  166 plants
190 creatures vanquished.

Grand Total: 1199 creatures vanquished

Notes
Turn   | Place    | Note
-------+----------+-------------------------------------------
     0 | D:1      | ptdevnull the Demonspawn Gladiator began the quest for the
                  | Orb.
     0 | D:1      | Reached XP level 1. HP: 16/16 MP: 1/1
   251 | D:1      | Gained mutation: When seriously injured, your blood forms
                  | armour. (AC +12) [demonic ancestry]
   251 | D:1      | Reached XP level 2. HP: 22/22 MP: 2/2
   846 | D:2      | Reached XP level 3. HP: 20/28 MP: 3/3
   912 | D:2      | Noticed Sigmund
   926 | D:2      | Killed Sigmund
   927 | D:2      | Reached skill level 5 in Long Blades
   927 | D:2      | Gained mutation: When seriously injured, your blood forms
                  | thick armour. (AC +12) [demonic ancestry]
   927 | D:2      | Reached XP level 4. HP: 27/37 MP: 4/4
   927 | D:2      | Gained mutation: Your touch may inflict minor irresistible
                  | damage on your foes. [demonic ancestry]
   927 | D:2      | Reached XP level 5. HP: 31/42 MP: 5/5
  1056 | D:2      | Found an ornate altar of the Wu Jian Council.
  1122 | D:2      | Gained mutation: Your touch may inflict irresistible damage
                  | on your foes. [demonic ancestry]
  1122 | D:2      | Reached XP level 6. HP: 48/48 MP: 6/6
  1945 | D:4      | Found a radiant altar of Vehumet.
  2114 | D:4      | Gained mutation: You sometimes gain a little power by
                  | taking damage. [demonic ancestry]
  2114 | D:4      | Reached XP level 7. HP: 43/55 MP: 7/7
  2411 | D:4      | Reached skill level 5 in Fighting
  2493 | D:5      | Entered Level 5 of the Dungeon
  2563 | D:5      | Noticed Edmund
  2618 | D:5      | Killed Edmund
  2619 | D:5      | Gained mutation: Your touch may irresistibly damage your
                  | foes and sap their willpower. [demonic ancestry]
  2619 | D:5      | Reached XP level 8. HP: 63/63 MP: 8/8
  2834 | D:5      | Found a hazy altar of Hepliaklqana.
  2930 | D:5      | Found Unorolim's Antique Weapon Shop.
  2942 | D:5      | Bought a jewelled short sword for 168 gold pieces
  2942 | D:5      | Identified the +5 short sword "Feraics" {flame, Int+2} (You
                  | bought it in a shop on level 5 of the Dungeon)
  3503 | D:6      | Found a staircase to the Ecumenical Temple.
  3517 | Temple   | Entered the Ecumenical Temple
  3736 | Temple   | Became a worshipper of Makhleb the Destroyer
  3861 | D:6      | Reached skill level 5 in Short Blades
  3871 | D:6      | Reached XP level 9. HP: 49/72 MP: 9/9
  3913 | D:6      | Found Ryuleesm's Magic Scroll Shop.
  4327 | D:6      | You fall into a shaft and drop 2 floors!
  4402 | D:8      | Found a staircase to the Lair.
  4640 | D:8      | Reached * piety under Makhleb
  4942 | D:9      | Noticed Erolcha
  4943 | D:9      | Killed Erolcha
  5039 | D:9      | Noticed Prince Ribbit
  5052 | D:9      | Killed Prince Ribbit
  5053 | D:9      | Reached skill level 10 in Fighting
  5063 | D:9      | Identified the +0 leather armour of the Wasteland {Rampage
                  | Will++ Dex-4 Slay-6}
  5135 | D:9      | Gained mutation: Spells you cast may paralyse adjacent
                  | enemies. [demonic ancestry]
  5135 | D:9      | Reached XP level 10. HP: 67/85 MP: 10/10
  5471 | D:9      | Found a large runed translucent door.
  5472 | D:9      | Found a large runed translucent door.
  5953 | D:9      | Noticed Maggie
  5965 | D:9      | Killed Maggie
  5997 | D:10     | Entered Level 10 of the Dungeon
  6376 | D:7      | Found an iron altar of Okawaru.
  6432 | D:7      | Found a flagged portal.
  6455 | Bailey   | Entered a bailey
  6489 | Bailey   | Reached ** piety under Makhleb
  6528 | Bailey   | Noticed an orc knight
  6557 | Bailey   | Killed an orc knight
  6696 | Bailey   | Identified the +2 broad axe of Execution {spect, rN+ rCorr
                  | Str-5 Dex+7}
  6765 | Bailey   | Found a bloodstained altar of Trog.
  7447 | D:6      | Found a shimmering blue altar of Sif Muna.
  7993 | D:10     | Reached skill level 1 in Invocations
  7993 | D:10     | Gained mutation: When seriously injured, your blood forms
                  | very thick armour. (AC +12) [demonic ancestry]
  7993 | D:10     | Reached XP level 11. HP: 83/98 MP: 11/11
  8080 | D:10     | Identified the +4 scale mail "Goid" {Fly Int-3 Dex+3}
  8421 | D:10     | Reached skill level 2 in Invocations
  9066 | D:11     | Reached *** piety under Makhleb
  9067 | D:11     | Reached skill level 3 in Invocations
  9162 | D:11     | Identified the amulet "Nauney" {Spirit Int+7}
  9267 | D:11     | Noticed a boulder beetle
  9292 | D:11     | Killed a boulder beetle
  9293 | D:11     | Reached skill level 4 in Invocations
  9874 | D:11     | Reached skill level 5 in Invocations
 10322 | D:12     | Found a frozen archway.
 10526 | IceCv    | Entered an ice cave
 10694 | IceCv    | Reached skill level 5 in Dodging
 10694 | IceCv    | Reached skill level 6 in Invocations
 11398 | IceCv    | Reached skill level 7 in Invocations
 11679 | IceCv    | Found an ancient bone altar of Kikubaaqudgha.
 11717 | IceCv    | Reached skill level 8 in Invocations
 11742 | IceCv    | Reached XP level 12. HP: 48/107 MP: 8/18
 12188 | IceCv    | Reached skill level 9 in Invocations
 12957 | D:12     | Noticed a boulder beetle
 12961 | D:12     | Noticed a two-headed ogre
 12981 | D:12     | Killed a two-headed ogre
 12982 | D:12     | Reached skill level 10 in Invocations
 13006 | D:12     | Killed a boulder beetle
 13181 | D:12     | Found a runed translucent door.
 13201 | D:12     | Reached **** piety under Makhleb
 13449 | D:12     | Found a runed translucent door.
 13459 | D:12     | Found a runed translucent door.
 13481 | D:12     | Found a runed translucent door.
 13540 | D:12     | Found a staircase to the Orcish Mines.
 13614 | D:12     | Reached skill level 11 in Invocations
 14052 | Lair:1   | Entered Level 1 of the Lair of Beasts
 14052 | Lair:1   | Noticed lunkers's ghost (journeyman MeEE)
 14052 | Lair:1   | Found a transporter.
 14058 | Lair:1   | Noticed a catoblepas
 14163 | Lair:1   | Noticed a four-headed hydra
 14173 | Lair:1   | Killed a four-headed hydra
 14174 | Lair:1   | Found the +1 robe of Vines {NoPotionHeal Regen++++}
 14176 | Lair:1   | Identified the +0 leather armour of the Conjuring Gods
                  | {Contam rElec rF- rC+++}
 14176 | Lair:1   | Noticed a seven-headed hydra
 14190 | Lair:1   | Killed a seven-headed hydra
 14581 | Lair:1   | Reached skill level 12 in Invocations
 14646 | Lair:1   | Found a transporter.
 14666 | Lair:1   | Reached XP level 13. HP: 114/114 MP: 20/22
 15253 | Lair:2   | Noticed Cancer's ghost (journeyman GrEE)
 15253 | Lair:2   | Found a runed translucent gate.
 15253 | Lair:2   | Found a runed translucent gate.
 15253 | Lair:2   | Found a runed translucent gate.
 15275 | Lair:2   | Found a staircase to the Snake Pit.
 15895 | Lair:3   | Noticed Urug
 15900 | Lair:3   | Reached skill level 13 in Invocations
 15910 | Lair:3   | Killed Urug
 15974 | Lair:3   | Reached ***** piety under Makhleb
 15975 | Lair:3   | Reached skill level 15 in Fighting
 16093 | Lair:3   | Reached skill level 10 in Dodging
 16273 | Lair:3   | Found a staircase to the Shoals.
 16301 | Lair:3   | Reached skill level 14 in Invocations
 16582 | Lair:3   | Reached skill level 15 in Invocations
 16594 | Lair:3   | Reached skill level 1 in Evocations
 16646 | Lair:3   | You fall into a shaft and drop 2 floors!
 16646 | Lair:5   | Entered Level 5 of the Lair of Beasts
 16839 | Lair:5   | Reached skill level 5 in Evocations
 16874 | Lair:5   | Reached XP level 14. HP: 117/123 MP: 12/25
 17043 | Lair:4   | Identified the +0 helmet of the Game of Kings {Regen+
                  | Str+3}
 17310 | Lair:4   | Identified the +2 helmet "Ilaqadur" {-Cast Str+4 Stlth+}
 19025 | Lair:5   | Reached skill level 10 in Evocations
 19038 | Lair:5   | Reached skill level 1 in Stealth
 19338 | Lair:5   | Reached ****** piety under Makhleb
 19423 | Lair:5   | Found a staircase to the Slime Pits.
 19811 | D:9      | Found a shimmering altar of Xom.
 20054 | D:13     | Reached skill level 5 in Stealth
 20068 | D:13     | Noticed Snorg
 20072 | D:13     | Snorg changed into Snorg the hog
 20072 | D:13     | Noticed Snorg
 20076 | D:13     | Killed Snorg the hog
 20156 | D:13     | Found a gate to the Vaults.
 20156 | D:13     | Noticed an ironbound preserver
 20170 | D:13     | Killed an ironbound preserver
 21253 | D:14     | Noticed Josephine
 21258 | D:14     | Noticed Frances
 21266 | D:14     | Killed Josephine
 21288 | D:14     | Killed Frances
 21341 | D:14     | Gained mutation: Spells you cast may paralyse nearby
                  | enemies. [demonic ancestry]
 21341 | D:14     | Reached XP level 15. HP: 129/129 MP: 16/26
 21406 | D:14     | Reached skill level 10 in Short Blades
 21722 | D:15     | Entered Level 15 of the Dungeon
 21787 | D:15     | Found a staircase to the Depths.
 22294 | D:15     | Found an opulent altar of Gozag.
 22527 | Orc:1    | Entered Level 1 of the Orcish Mines
 22840 | Orc:1    | Found Duteagre's Mass Market.
 23150 | Orc:2    | Entered Level 2 of the Orcish Mines
 23257 | Orc:2    | Identified a scroll of acquirement
 23257 | Orc:2    | Acquired the +1 cloak of Unreason {Rampage rPois rF+ Str+4}
 23588 | Orc:2    | Noticed Saint Roka
 23783 | Orc:2    | Found a staircase to the Elven Halls.
 24464 | Orc:2    | Found Giwo's Book Shoppe.
 24536 | Orc:2    | Noticed Azrael
 24570 | Orc:2    | Killed Azrael
 24753 | Orc:2    | Got the Catalogue of Gathered Toxins
 24884 | Orc:2    | Found Wypeas's Antique Weapon Shoppe.
 24897 | Orc:2    | Found Zeqih's Antique Armour Shoppe.
 24904 | Orc:2    | Bought a smoking leather armour for 245 gold pieces
 24904 | Orc:2    | Identified the +0 leather armour "Heothe" {Dex+2} (You
                  | bought it in a shop on level 2 of the Orcish Mines)
 24913 | Orc:2    | Found Dihuhom's General Store.
 25225 | Orc:1    | Reached skill level 1 in Armour
 25288 | D:9      | Noticed Joseph
 25299 | D:9      | Killed Joseph
 25424 | Orc:1    | Killed Saint Roka
 25654 | Shoals:1 | Entered Level 1 of the Shoals
 26143 | Shoals:1 | Reached XP level 16. HP: 136/136 MP: 24/27
 27603 | Shoals:3 | Reached skill level 16 in Invocations
 28452 | Shoals:4 | Entered Level 4 of the Shoals
 28541 | Shoals:4 | Paralysed by an air elemental for 1 turns
 28547 | Shoals:4 | Paralysed by an air elemental for 1 turns
 28596 | Shoals:4 | Reached skill level 5 in Armour
 29076 | Shoals:4 | Reached skill level 17 in Invocations
 29474 | Shoals:4 | Reached XP level 17. HP: 108/144 MP: 8/29
 29632 | Shoals:4 | Identified the amulet "Codees" {Acrobat Rampage rF+ Str-4}
 30464 | Shoals:4 | Got a barnacled rune of Zot
 30467 | Shoals:4 | Got Wudol's Volume of Elliptic Hexes
 30470 | Shoals:4 | Identified the +1 helmet "Simnascha" {*Slow +Inv rN+
                  | Regen+}
 30775 | Vaults:1 | Entered Level 1 of the Vaults
 31042 | Vaults:1 | Reached skill level 1 in Shields
 31536 | Vaults:1 | Reached skill level 5 in Shields
 33225 | Vaults:2 | Noticed Nikola
 33234 | Vaults:2 | HP: 7/145 [Nikola/arc of chain lightning (68)]
 33995 | Lair:1   | Killed lunkers's ghost
 34010 | Lair:1   | Identified the +4 pair of boots of Happy Babbling {rC+
                  | Will+ Str+4 Dex+3}
 34370 | Lair:2   | Killed Cancer's ghost
 34655 | Vaults:2 | Killed from afar by Nikola

Illustrated notes

Levels and vault maps discovered:
D:1:      dpeg_arrival_leaves_temple_mockup, layout_basic
D:2:      layout_basic, basic_altar, kennysheep_generic_room_12, uniq_sigmund
D:3:      layout_rooms
D:4:      layout_loops_cross, mainiacjoe_overflow_big_doors, minmay_door_square,
          minmay_misc_feat_columns, cheibrodos_gnoll_hut
D:5:      layout_layer_cave, nicolae_hepliaklqana_hazy_memory, serial_shops,
          shop, uniq_edmund
D:6:      layout_basic, lemuel_blue_sif_altar, minmay_temple_entry_poolview,
          serial_shops, shop, serial_bayou_lake_a
D:7:      layout_basic, okawaru_metal_pillars_1_2, enter_bailey_5
D:8:      layout_basic, lair_entry_dummy, hangedman_abyss_or_decor_lesser_grid
D:9:      layout_cave_pods, mainiacjoe_overflow_brackets, jmf_multi_god_temple2,
          uniq_erolcha, uniq_joseph, uniq_maggie, uniq_prince_ribbit1
D:10:     layout_basic
D:11:     layout_loops_corners, small_statue_intersection
D:12:     minmay_open_boxes_in_corner, layout_gridville, orc_0_dummy,
          portal_ice_cave_demonic_guard, minmay_statue_crystal_thing
D:13:     layout_basic, skrybe_vaults_entry_preservation, uniq_snorg
D:14:     layout_rooms, elyvilon_altar_4, uniq_frances, uniq_josephine
D:15:     grunt_enter_depths_snipers, layout_cave_pools,
          nicolae_tso_swordbearing_angel,
          nicolae_gozag_cash_rules_everything_around_me
Temple:   eino_narrow_crystal_temple
Lair:1:   layout_regular_city, gammafunk_ghost_berserking_beasts,
          hellmonk_guarded_unrand_vines
Lair:2:   layout_roguey, minmay_snake_entry_six_corridors,
          ebering_ghost_rock_garden
Lair:3:   layout_small_grid, elwin_shoals_entry_rocks, bobbens_dragon_lair_wall,
          uniq_urug
Lair:4:   layout_cave_pods, serial_bayou, serial_bayou_lagoon_b,
          serial_bayou_pond_a, serial_bayou_shore_a, serial_bayou_pond_d
Lair:5:   minmay_lair_end_frog_pond, layout_misc_corridors,
          dpeg_slime_entry_enclosed, chequers_serial_rivers_micro_c,
          small_statue_intersection
Shoals:1: layout_shoals, dpeg_stationary_puzzle
Shoals:2: layout_shoals, nicolae_shoals_water_shrine
Shoals:3: layout_shoals, nicolae_shoals_hunting_party
Shoals:4: shoals_end_hellmonk_storm_palace [storm_palace_center_circular,
          storm_palace_corner_pillars, storm_palace_corner_pillars,
          storm_palace_corner_blocked, storm_palace_corner_pillars]
Orc:1:    layout_diamond_mine, minmay_shop_mass
Orc:2:    grunt_orc_cross, layout_caves, elves_outpost_lemuel, uniq_azrael
Vaults:1: nicolae_vaults_network_quincunx
          [nicolae_vaults_network_quincunx_subvault,
          nicolae_vaults_network_quincunx_subvault,
          nicolae_vaults_network_quincunx_subvault,
          nicolae_vaults_network_quincunx_subvault,
          nicolae_vaults_network_quincunx_subvault], vaults_room_grid,
          hangedman_vaults_stagger, nicolae_vaults_network_star,
          grunt_vaults_trifunnel, v_pattern_3, grunt_vaults_funnel,
          vaults_dpeg_encased_lava, vaults_mumra_chevron_long, v_misc_15,
          ontoclasm_vaults_tryst, ontoclasm_vaults_twist,
          nicolae_vaults_little_squares_1, layout_vaults_big_cross
Vaults:2: ontoclasm_vaults_ring_large, vaults_dpeg_diagonal, v_alt_pattern_4,
          nicolae_vaults_meeting, vaults_room_hallway,
          vaults_dpeg_emergency_exit, layout_vaults_omnigrid, uniq_nikola,
          uniq_margery, uniq_zenata

Skill      XL: |  1  2  3  4  5  6  7  8  9 10 11 12 13 14 15 16 17 |
---------------+----------------------------------------------------+-----
Long Blades    | 3 5 6 7 |  7.9
Fighting       | 3 4 5 7 10 13 14 15 16 | 16.5
Short Blades   | 6 8 9 14 | 14.2
Invocations    | 1 8 12 15 17 | 17.6
Dodging        | 6 9 10 11 12 | 12.0
Evocations     | 6 10 | 10.0
Stealth        | 8 |  8.0
Armour         | 2 6 |  6.8
Shields        | 9 |  9.4
Throwing       | |  1.7

Action                   |  1- 3 |  4- 6 |  7- 9 | 10-12 | 13-15 | 16-18 || total
-------------------------+-------+-------+-------+-------+-------+-------++-------
Melee: Long sword        |    74 |   116 |    60 |       |       |       ||   250
       Punch             |     1 |     1 |     2 |    16 |    24 |    13 ||    57
       Touch             |       |    16 |    42 |   189 |   448 |   125 ||   820
       Short sword       |       |       |   123 |   778 |  1867 |     7 ||  2775
       Scimitar          |       |       |       |       |       |  1250 ||  1250
Throw: Dart              |       |       |     3 |     3 |       |       ||     6
       Boomerang         |       |       |       |       |    31 |     3 ||    34
Invok: Lesser Servant of |       |       |       |     5 |       |       ||     5
       Minor Destruction |       |       |       |     3 |       |       ||     3
       Major Destruction |       |       |       |     5 |     9 |     1 ||    15
       Greater Servant o |       |       |       |       |     7 |    14 ||    21
Evoke: Wand              |       |       |     2 |    19 |    15 |    17 ||    53
       Phial of floods   |       |       |       |     1 |     4 |     2 ||     7
  Use: Potion            |     1 |       |       |     2 |       |     4 ||     7
       Scroll            |       |       |     9 |    10 |    12 |    21 ||    52
 Stab: Sleeping          |     2 |     2 |     3 |     3 |    28 |    15 ||    53
       Paralysed         |       |       |       |     3 |     4 |       ||     7
       Distracted        |       |       |       |       |     3 |     7 ||    10
       Invisible         |       |       |       |       |       |     4 ||     4
Armor: Leather armour    |    18 |    22 |    28 |       |       |       ||    68
       Robe              |       |       |       |    60 |   273 |   182 ||   515
       Scale mail        |       |       |       |    78 |       |       ||    78
Dodge: Dodged            |    47 |    81 |    78 |   370 |  1265 |  1026 ||  2867
Block: Kite shield       |       |       |       |       |       |   379 ||   379
       Reflection        |       |       |       |       |       |    25 ||    25

Table legend: (Time is in decaauts)
 A = Elapsed time spent in this place.
 B = Non-inter-level travel time spent in this place.
 C = Inter-level travel time spent in this place.
 D = Time resting spent in this place.
 E = Time spent auto-exploring this place.
 F = Levels seen in this place.
 G = Mean time per level.
                   A        B        C        D        E       F      G
               +--------+--------+--------+--------+--------+-----+--------+
         Total |  33596 |  30644 |   2952 |   3141 |  20032 |  31 | 1083.7 |
       Dungeon |  14516 |  12943 |   1573 |    669 |   9647 |  15 |  967.7 |
        Temple |    227 |    207 |     20 |      0 |    186 |   1 |  227.0 |
          Lair |   5608 |   5168 |    440 |    431 |   3483 |   5 | 1121.6 |
        Shoals |   4980 |   4706 |    274 |    488 |   2838 |   4 | 1245.0 |
  Orcish Mines |   2556 |   2289 |    267 |    296 |   1306 |   2 | 1278.0 |
        Vaults |   3142 |   2766 |    376 |    184 |   1669 |   2 | 1571.0 |
        Bailey |    385 |    385 |      0 |    107 |     96 |   1 |  385.0 |
      Ice Cave |   2179 |   2179 |      0 |    965 |    805 |   1 | 2179.0 |
               +--------+--------+--------+--------+--------+-----+--------+

Top non-repeatable levels by time:
Vaults:1: 2617 daAuts
   IceCv: 2179 daAuts
Shoals:4: 2066 daAuts
    D:12: 1660 daAuts
Shoals:2: 1627 daAuts
     D:9: 1363 daAuts
  Lair:4: 1337 daAuts
  Lair:3: 1336 daAuts
   Orc:2: 1329 daAuts
  Lair:1: 1324 daAuts
     D:6: 1321 daAuts
    D:11: 1302 daAuts
    D:10: 1237 daAuts
   Orc:1: 1227 daAuts
    D:13: 1160 daAuts
